 Dungeon Crawl Stone Soup version 0.21-a0-513-gdcb3f5e (webtiles) character file.

4445 Firecrotchwizard the Magician (level 10, -2/69 HPs)
             Began as a Gnoll Skald on Dec 3, 2017.
             Was a Priest of Hepliaklqana.
             Slain by an orc warrior
             ... wielding a +0 hand axe
              (11 damage)
             ... on level 8 of the Dungeon.
             The game lasted 00:29:43 (8203 turns).

Firecrotchwizard the Magician (Gnoll Skald)         Turns: 8203, Time: 00:29:43

Health: -2/69      AC: 10    Str: 11    XL:     10   Next: 37%
Magic:  18/20      EV: 17    Int: 18    God:    Hepliaklqana [***...]
Gold:   424        SH:  9    Dex: 29    Spells: 11/23 levels left

rFire    . . .     SeeInvis .   p - +1 long sword (slice)
rCold    . . .     Gourm    .   l - +2 buckler
rNeg     . . .     Faith    .   g - +0 ring mail
rPois    .         Spirit   .   (no helmet)
rElec    .         Reflect  .   B - +2 cloak
rCorr    .         Harm     .   (no gloves)
MR       .....                  D - +0 pair of boots
Stlth    +++.......             (no amulet)
HPRegen  0.21/turn              x - +5 ring of dexterity
MPRegen  0.17/turn              G - +6 ring of dexterity

@: no status effects
A: distributed training, reduced essence, fangs 1, clever 1, weak 1, strong nose
a: Recall Ancestor, Ancestor Identity, Transference, Renounce Religion


You were on level 8 of the Dungeon.
You worshipped Hepliaklqana.
Hepliaklqana was most pleased with you.
You were not hungry.

You visited 2 branches of the dungeon, and saw 10 of its levels.
You also visited: Ossuary.

You collected 424 gold pieces.

Inventory:

Hand Weapons
 f - a +2 dagger of protection
   (You took it off an orc on level 9 of the Dungeon)
 p - a +1 long sword of slicing (weapon)
   (You found it on level 2 of the Dungeon)
Armour
 g - a +0 ring mail (worn)
   (You found it on level 1 of the Dungeon)
 l - a +2 buckler (worn)
   (You found it on level 1 of the Dungeon)
 B - a +2 cloak (worn)
   (You found it on level 5 of the Dungeon)
 D - a +0 pair of boots (worn)
   (You found it on level 6 of the Dungeon)
Jewellery
 u - an uncursed ring of flight {+Fly, !d}
   (You took it off a goblin on level 3 of the Dungeon)
 x - a +5 ring of dexterity (left hand)
   (You found it on level 8 of the Dungeon)
 G - a +6 ring of dexterity (right hand)
   (You found it on level 6 of the Dungeon)
Wands
 a - a wand of paralysis (6)
   (You found it on level 8 of the Dungeon)
 y - a wand of flame (56)
   (You found it on level 6 of the Dungeon)
 E - a wand of scattershot (6)
   (You found it on level 5 of the Dungeon)
Scrolls
 e - 7 scrolls of identify
 h - a scroll of fog
 i - 5 scrolls of magic mapping {!r}
 k - a scroll of teleportation
 m - 2 scrolls of fear
 n - a scroll of amnesia
 v - 4 scrolls of remove curse
Potions
 b - a potion of might {unknown}
 j - 3 potions of flight
 q - 2 potions of lignification {!q}
 r - 2 potions of invisibility {unknown}
 s - a potion of ambrosia {unknown}
 t - a potion of mutation {!q}
 w - 3 potions of brilliance
 z - a potion of curing
 C - a potion of haste {unknown}
 F - 3 potions of heal wounds
 O - a potion of agility {unknown}
Books
 c - a book of Battle
 H - Sif Muna's Catalogue of Summoning
   (You found it on level 8 of the Dungeon)

   Spells                             Type                      Level
   a - Summon Butterflies             Summoning                    1
Comestibles
 d - 8 bread rations {@e1}
 J - a royal jelly
 K - 3 meat rations {@e2}


   Skills:
 + Level 6.9 Fighting
 + Level 5.1 Short Blades
 + Level 6.9 Long Blades
 + Level 5.1 Axes
 + Level 5.1 Maces & Flails
 + Level 5.1 Polearms
 + Level 5.1 Staves
 + Level 5.1 Slings
 + Level 5.1 Bows
 + Level 5.1 Crossbows
 + Level 5.1 Throwing
 + Level 5.8 Armour
 + Level 6.9 Dodging
 + Level 5.1 Stealth
 + Level 5.1 Shields
 + Level 5.1 Unarmed Combat
 + Level 7.2 Spellcasting
 + Level 4.2 Conjurations
 + Level 4.2 Hexes
 + Level 7.0 Charms
 + Level 4.2 Summonings
 + Level 4.2 Necromancy
 + Level 4.2 Translocations
 + Level 4.2 Transmutations
 + Level 4.2 Fire Magic
 + Level 4.2 Ice Magic
 + Level 4.2 Air Magic
 + Level 4.2 Earth Magic
 + Level 4.2 Poison Magic
 + Level 5.6 Invocations
 + Level 5.1 Evocations


You had 11 spell levels left.
You knew the following spells:

 Your Spells              Type           Power        Failure   Level  Hunger
a - Infusion              Chrm           ####         1%          1    None
r - Regeneration          Chrm/Necr      ####......   7%          3    #......
s - Shroud of Golubria    Chrm/Tloc      ####......   3%          2    None
z - Spectral Weapon       Hex/Chrm       ####....     7%          3    #......
B - Summon Butterflies    Summ           ###.....     3%          1    None
S - Song of Slaying       Chrm           ####....     1%          2    None


Dungeon Overview and Level Annotations

Branches:
Dungeon (9/15)             Temple (1/1) D:4            Lair (0/6) D:9
    Orc: D:9-12

Altars:
Ashenzari
Cheibriados
Dithmenos
Elyvilon
Fedhas
Gozag
Hepliaklqana
Kikubaaqudgha
Makhleb
Nemelex Xobeh
Okawaru
Qazlal
Ru
Sif Muna
Trog
Vehumet
Wu Jian
Xom
Yredelemnul
Zin
The Shining One


Innate Abilities, Weirdness & Mutations

Your experience applies equally to all skills.
You have very sharp teeth.
Your uncanny sense of smell can sniff out nearby items.
Your life essence is reduced to manifest your ancestor. (-10% HP)
Your mind is acute. (Int +2)
You are weak. (Str -2)


Message History

The killer bee misses you.
You riposte.
You hit the killer bee. The killer bee closely misses you.
You slash the killer bee!
You feel sick. The killer bee misses you. x2
You closely miss the killer bee. You bite the killer bee.
You block the killer bee's attack. The killer bee closely misses you.
You miss the killer bee.
You bite the killer bee, but do no damage.
The killer bee stings you but does no damage. x2
You hit the killer bee.
You kill the killer bee!
You feel sick.
You take 1 damage, and have 52/69 hp.
No target in view!
You start resting.
You feel sick. x4
You are no longer poisoned.
You take 1 damage, and have 51/69 hp.
You start resting.
Some of the chunks of flesh in your inventory have rotted away. x2
Eating a chunk of flesh {@w0}.
You eat the chunk of flesh {@w0}.
Health restored: 69 You see here a killer bee corpse.
An adder comes into view.
An adder is nearby!
A centaur comes into view.
The helpless adder fails to defend itself.
You hit the adder. The adder misses you.
You riposte.
You slash the adder!
You kill the adder!
The centaur shouts!
The centaur misses you. The centaur completely misses you.
You hit the centaur. Your bite misses the centaur.
The centaur barely misses you.
You riposte.
You hit the centaur. You completely miss the centaur.
The centaur closely misses you. The centaur misses you.
You riposte.
You hit the centaur. You hit the centaur but do no damage.
The centaur completely misses you.
You slash the centaur!
You kill the centaur!
No target in view!
Things that are here:
a shortbow; 17 arrows
Found a stone staircase leading down.
You open the door.
There is an open door here.
You found a teleport trap!
An orc and 2 orc priests come into view.
The orc priest shouts!
You hear a shout!
The orc priest invokes the aid of Beogh against you.
Beogh smites you!
You take 10 damage, and have 59/69 hp. 3 orcs and an orc warrior come into view.
The orc shouts!
The orc priest mumbles some strange prayers to Beogh against you.
Beogh smites you!
The orc warrior shouts!
An orc comes into view. It is wielding a dagger.
You take 15 damage, and have 44/69 hp.
MASSIVE DAMAGE!!
The orc shouts!
You hear a shout!
The orc throws a tomahawk.
The tomahawk misses you.
You see here a tomahawk.
The orc priest looks braver for a moment.
A hound skeleton comes into view.
The hound skeleton bites you but does no damage.
You hit the hound skeleton. You block the hound skeleton's attack.
The hound skeleton bites you but does no damage.
You hit the hound skeleton. The hound skeleton barely misses you.
You hit the hound skeleton but do no damage.
The hound skeleton bites you but does no damage.
The orc priest mumbles some strange prayers to Beogh against you.
Beogh smites you! The hound skeleton barely misses you.
You hear a shout!
You take 12 damage, and have 36/69 hp.
You slash the hound skeleton!
You destroy the hound skeleton!
You hear a shout!
Found a stone staircase leading up.
There is a stone staircase leading up here.
The orc warrior closely misses you.
You climb upwards.
There is a stone staircase leading down here.
You barely miss the orc warrior.
You bite the orc warrior, but do no damage.
The orc warrior hits you with a hand axe!
You take 11 damage, and have 28/69 hp.
You are too injured to fight recklessly!
You are too injured to fight recklessly!
You hit the orc warrior.
You bite the orc warrior, but do no damage.
The orc warrior completely misses you.
You hit the orc warrior.
The orc warrior hits you with a hand axe!
* * * LOW HITPOINT WARNING * * *
You take 12 damage, and have 16/69 hp.
You hit the orc warrior.
The orc warrior hits you with a hand axe!
* * * LOW HITPOINT WARNING * * *
You take 7 damage, and have 9/69 hp.
Londisizwe is recalled.
The orc warrior hits you with a hand axe!
You die...

#.###### #.#####.#
##......#####
#...<##.#
......#.....#
#.##.##.#
.#.#..#.....#
#.......#
.#.#........#
####.####
##.#.##.....#
#....#
#.#.##.....#
#.####
#......##### #o#
#.###### #@# #.#
#.# ##.#########
#.#
...........#####R#
##.#..##.........#
##.#..##.#.#...###
##.......#.#.#.###
####..##...#.._..#
####.......#.#.#.#


You could see the friendly Londisizwe the hexer and an orc warrior.

Vanquished Creatures
  A two-headed ogre (D:8)
  Pikel (D:7)
  The ghost of Donwell the Skirmisher, a novice DsFi of Okawaru (D:6)
  An ice beast (D:7)
  A slave (D:7)
  An ogre (D:6)
  A phantom (D:4)
  2 centaurs (D:9)
  2 elf zombies (Ossuary)
  2 bullfrogs
  A scorpion (D:6)
  4 killer bees (D:9)
  A howler monkey (D:5)
  An electric eel (D:8)
  A crimson imp (D:6)
  A centaur zombie (Ossuary)
  A quasit (D:8)
  A human zombie (Ossuary)
  The ghost of Spectrina the Gusty, a weakling VSAE (D:3)
  3 hounds
  An orc priest (D:7)
  An iguana (D:6)
  3 orc wizards
  3 worker ants
  2 big kobold zombies (Ossuary)
  A hound skeleton (D:9)
  2 mummies (Ossuary)
  4 adders
  A gnoll (D:7)
  2 oozes
  3 worms (D:2)
  A dart slug (D:2)
  4 leopard geckos
  11 orcs
  4 giant cockroaches
  8 goblins
  9 hobgoblins
  8 jackals
  4 kobolds
  2 quokkas
  12 bats
  7 frilled lizards
  12 hobgoblin zombies (Ossuary)
  2 jackal zombies
  9 kobold zombies (Ossuary)
  A leopard gecko skeleton (D:5)
  8 orc zombies (Ossuary)
  3 rats
  A rat zombie (Ossuary)
157 creatures vanquished.

Vanquished Creatures (collateral kills)
  A two-headed ogre (D:8)
  A spriggan (D:7)
  Menkaure (D:6)
  Edmund (D:5)
  An orc warrior (D:7)
  A sky beast (D:5)
  2 crimson imps
  A hound (D:8)
  An orc wizard (D:7)
  2 gnolls (D:7)
  An orc (D:7)
13 creatures vanquished.

Vanquished Creatures (others)
  A gnoll (D:7)
1 creature vanquished.

Grand Total: 171 creatures vanquished

Notes
Turn   | Place    | Note
-------+----------+-------------------------------------------
     0 | D:1      | Firecrotchwizard the Gnoll Skald began the quest for the Orb.
     0 | D:1      | Reached XP level 1. HP: 20/20 MP: 6/6
    88 | D:1      | Reached XP level 2. HP: 22/26 MP: 7/7
   303 | D:2      | Learned a level 2 spell: Shroud of Golubria
   398 | D:2      | Reached XP level 3. HP: 31/31 MP: 9/9
   437 | D:2      | Reached skill level 5 in Spellcasting
   660 | D:2      | Reached skill level 1 in Invocations
   936 | D:2      | Reached skill level 1 in Short Blades
   936 | D:2      | Reached skill level 1 in Axes
   936 | D:2      | Reached skill level 1 in Maces & Flails
   936 | D:2      | Reached skill level 1 in Polearms
   936 | D:2      | Reached skill level 1 in Staves
   936 | D:2      | Reached skill level 1 in Slings
   936 | D:2      | Reached skill level 1 in Bows
   936 | D:2      | Reached skill level 1 in Crossbows
   936 | D:2      | Reached skill level 1 in Throwing
   936 | D:2      | Reached skill level 1 in Stealth
   936 | D:2      | Reached skill level 1 in Shields
   936 | D:2      | Reached skill level 1 in Unarmed Combat
   936 | D:2      | Reached skill level 1 in Evocations
   969 | D:2      | Reached XP level 4. HP: 29/38 MP: 11/11
  1328 | D:2      | Found an ornate altar of the Wu Jian Council.
  1529 | D:3      | Noticed Spectrina's ghost (weakling VSAE)
  1548 | D:3      | Killed Spectrina's ghost
  1548 | D:3      | Reached skill level 1 in Conjurations
  1548 | D:3      | Reached skill level 1 in Hexes
  1548 | D:3      | Reached skill level 1 in Summonings
  1548 | D:3      | Reached skill level 1 in Necromancy
  1548 | D:3      | Reached skill level 1 in Translocations
  1548 | D:3      | Reached skill level 1 in Transmutations
  1548 | D:3      | Reached skill level 1 in Fire Magic
  1548 | D:3      | Reached skill level 1 in Ice Magic
  1548 | D:3      | Reached skill level 1 in Air Magic
  1548 | D:3      | Reached skill level 1 in Earth Magic
  1548 | D:3      | Reached skill level 1 in Poison Magic
  1839 | D:3      | Found a sacrificial altar of Ru.
  2096 | D:3      | Reached XP level 5. HP: 43/43 MP: 12/12
  2275 | D:3      | Found a burning altar of Makhleb.
  2276 | D:3      | Found a snail-covered altar of Cheibriados.
  2276 | D:3      | Found a stormy altar of Qazlal.
  2716 | D:4      | Noticed a phantom
  2761 | D:4      | Found a sand-covered staircase.
  2792 | Ossuary  | Entered an ossuary
  2836 | Ossuary  | Learned a level 2 spell: Song of Slaying
  2840 | Ossuary  | Learned a level 3 spell: Regeneration
  2844 | Ossuary  | Learned a level 3 spell: Spectral Weapon
  2893 | Ossuary  | Reached skill level 3 in Armour
  2909 | Ossuary  | HP: 10/43 [centaur zombie (5)]
  2911 | Ossuary  | Gained mutation: You are weak. (Str -2) [potion of mutation]
  2911 | Ossuary  | Gained mutation: Your mind is acute. (Int +2) [potion of mutation]
  2915 | Ossuary  | HP: 8/43 [centaur zombie (3)]
  2930 | Ossuary  | HP: 5/43 [elf zombie (7)]
  2957 | Ossuary  | Reached skill level 2 in Invocations
  2957 | Ossuary  | Reached XP level 6. HP: 17/50 MP: 8/14
  2971 | Ossuary  | HP: 9/50 [elf zombie (4)]
  2977 | Ossuary  | HP: 5/50 [elf zombie (5)]
  2990 | Ossuary  | HP: 9/50 [elf zombie (5)]
  2991 | Ossuary  | Reached skill level 5 in Fighting
  2991 | Ossuary  | Reached skill level 2 in Short Blades
  2991 | Ossuary  | Reached skill level 5 in Long Blades
  2991 | Ossuary  | Reached skill level 2 in Axes
  2991 | Ossuary  | Reached skill level 2 in Maces & Flails
  2991 | Ossuary  | Reached skill level 2 in Polearms
  2991 | Ossuary  | Reached skill level 2 in Staves
  2991 | Ossuary  | Reached skill level 2 in Slings
  2991 | Ossuary  | Reached skill level 2 in Bows
  2991 | Ossuary  | Reached skill level 2 in Crossbows
  2991 | Ossuary  | Reached skill level 2 in Throwing
  2991 | Ossuary  | Reached skill level 5 in Dodging
  2991 | Ossuary  | Reached skill level 2 in Stealth
  2991 | Ossuary  | Reached skill level 2 in Shields
  2991 | Ossuary  | Reached skill level 2 in Unarmed Combat
  2991 | Ossuary  | Reached skill level 2 in Evocations
  3605 | D:4      | Killed a phantom
  3605 | D:4      | Reached XP level 7. HP: 33/56 MP: 8/15
  3759 | D:4      | Found a shattered altar of Ashenzari.
  3971 | D:4      | Got a brightly glowing robe
  3982 | D:4      | Identified the +2 robe of the Peculiar Lives {-Tele *Contam rElec rC++} (You found it on level 4 of the Dungeon)
  4173 | D:4      | Found a staircase to the Ecumenical Temple.
  4200 | Temple   | Entered the Ecumenical Temple
  4308 | Temple   | Became a worshipper of Hepliaklqana the Forgotten
  4358 | D:5      | Entered Level 5 of the Dungeon
  4404 | D:5      | Noticed Edmund
  4413 | D:5      | Killed Edmund
  4413 | D:5      | Reached skill level 2 in Conjurations
  4413 | D:5      | Reached skill level 2 in Hexes
  4413 | D:5      | Reached skill level 2 in Summonings
  4413 | D:5      | Reached skill level 2 in Necromancy
  4413 | D:5      | Reached skill level 2 in Translocations
  4413 | D:5      | Reached skill level 2 in Transmutations
  4413 | D:5      | Reached skill level 2 in Fire Magic
  4413 | D:5      | Reached skill level 2 in Ice Magic
  4413 | D:5      | Reached skill level 2 in Air Magic
  4413 | D:5      | Reached skill level 2 in Earth Magic
  4413 | D:5      | Reached skill level 2 in Poison Magic
  4785 | D:5      | Reached skill level 3 in Invocations
  5150 | D:6      | Reached XP level 8. HP: 50/56 MP: 16/16
  5174 | D:6      | Reached * piety under Hepliaklqana
  5217 | D:6      | Noticed Menkaure
  5224 | D:6      | Killed Menkaure
  5224 | D:6      | Reached skill level 3 in Short Blades
  5224 | D:6      | Reached skill level 3 in Axes
  5224 | D:6      | Reached skill level 3 in Maces & Flails
  5224 | D:6      | Reached skill level 3 in Polearms
  5224 | D:6      | Reached skill level 3 in Staves
  5224 | D:6      | Reached skill level 3 in Slings
  5224 | D:6      | Reached skill level 3 in Bows
  5224 | D:6      | Reached skill level 3 in Crossbows
  5224 | D:6      | Reached skill level 3 in Throwing
  5224 | D:6      | Reached skill level 4 in Armour
  5224 | D:6      | Reached skill level 3 in Stealth
  5224 | D:6      | Reached skill level 3 in Shields
  5224 | D:6      | Reached skill level 3 in Unarmed Combat
  5224 | D:6      | Reached skill level 6 in Charms
  5224 | D:6      | Reached skill level 3 in Evocations
  5258 | D:6      | Noticed Donwell's ghost (novice DsFi)
  5286 | D:6      | Killed Donwell's ghost
  5286 | D:6      | Reached skill level 6 in Spellcasting
  5853 | D:6      | Reached ** piety under Hepliaklqana
  5854 | D:6      | Remembered your ancestor Londisizwe as a hexer
  5943 | D:6      | Reached skill level 4 in Invocations
  5947 | D:6      | Reached skill level 3 in Conjurations
  5947 | D:6      | Reached skill level 3 in Hexes
  5947 | D:6      | Reached skill level 3 in Summonings
  5947 | D:6      | Reached skill level 3 in Necromancy
  5947 | D:6      | Reached skill level 3 in Translocations
  5947 | D:6      | Reached skill level 3 in Transmutations
  5947 | D:6      | Reached skill level 3 in Fire Magic
  5947 | D:6      | Reached skill level 3 in Ice Magic
  5947 | D:6      | Reached skill level 3 in Air Magic
  5947 | D:6      | Reached skill level 3 in Earth Magic
  5947 | D:6      | Reached skill level 3 in Poison Magic
  6073 | D:7      | Noticed a spriggan baker
  6079 | D:7      | Killed a spriggan baker
  6079 | D:7      | Reached skill level 6 in Fighting
  6079 | D:7      | Reached skill level 6 in Long Blades
  6079 | D:7      | Reached skill level 6 in Dodging
  6079 | D:7      | Reached XP level 9. HP: 62/62 MP: 16/18
  6238 | D:7      | Noticed Pikel
  6252 | D:7      | Killed Pikel
  6252 | D:7      | Reached skill level 4 in Short Blades
  6252 | D:7      | Reached skill level 4 in Axes
  6252 | D:7      | Reached skill level 4 in Maces & Flails
  6252 | D:7      | Reached skill level 4 in Polearms
  6252 | D:7      | Reached skill level 4 in Staves
  6252 | D:7      | Reached skill level 4 in Slings
  6252 | D:7      | Reached skill level 4 in Bows
  6252 | D:7      | Reached skill level 4 in Crossbows
  6252 | D:7      | Reached skill level 4 in Throwing
  6252 | D:7      | Reached skill level 5 in Armour
  6252 | D:7      | Reached skill level 4 in Stealth
  6252 | D:7      | Reached skill level 4 in Shields
  6252 | D:7      | Reached skill level 4 in Unarmed Combat
  6252 | D:7      | Reached skill level 4 in Evocations
  6589 | D:7      | Found a shattered altar of Ashenzari.
  6682 | D:8      | Found a bloodstained altar of Trog.
  6693 | D:8      | Noticed a two-headed ogre
  6710 | D:8      | Killed a two-headed ogre
  6710 | D:8      | Reached skill level 5 in Invocations
  6710 | D:8      | Reached XP level 10. HP: 50/69 MP: 17/20
  6797 | D:8      | Found a glowing silver altar of Zin.
  6842 | D:8      | Found a shadowy altar of Dithmenos.
  6859 | D:8      | Noticed a two-headed ogre
  6869 | D:8      | Killed a two-headed ogre
  6869 | D:8      | Reached skill level 5 in Short Blades
  6869 | D:8      | Reached skill level 5 in Axes
  6869 | D:8      | Reached skill level 5 in Maces & Flails
  6869 | D:8      | Reached skill level 5 in Polearms
  6869 | D:8      | Reached skill level 5 in Staves
  6869 | D:8      | Reached skill level 5 in Slings
  6869 | D:8      | Reached skill level 5 in Bows
  6869 | D:8      | Reached skill level 5 in Crossbows
  6869 | D:8      | Reached skill level 5 in Throwing
  6869 | D:8      | Reached skill level 5 in Stealth
  6869 | D:8      | Reached skill level 5 in Shields
  6869 | D:8      | Reached skill level 5 in Unarmed Combat
  6869 | D:8      | Reached skill level 7 in Spellcasting
  6869 | D:8      | Reached skill level 4 in Conjurations
  6869 | D:8      | Reached skill level 4 in Hexes
  6869 | D:8      | Reached skill level 4 in Summonings
  6869 | D:8      | Reached skill level 4 in Necromancy
  6869 | D:8      | Reached skill level 4 in Translocations
  6869 | D:8      | Reached skill level 4 in Transmutations
  6869 | D:8      | Reached skill level 4 in Fire Magic
  6869 | D:8      | Reached skill level 4 in Ice Magic
  6869 | D:8      | Reached skill level 4 in Air Magic
  6869 | D:8      | Reached skill level 4 in Earth Magic
  6869 | D:8      | Reached skill level 4 in Poison Magic
  6869 | D:8      | Reached skill level 5 in Evocations
  7143 | D:8      | Reached *** piety under Hepliaklqana
  7481 | D:8      | Found an ancient bone altar of Kikubaaqudgha.
  7727 | D:8      | Found a deep blue altar of Sif Muna.
  7729 | D:8      | Found a radiant altar of Vehumet.
  7733 | D:8      | Identified Sif Muna's Catalogue of Summoning
  7737 | D:8      | Learned a level 1 spell: Summon Butterflies
  7924 | D:9      | Reached skill level 7 in Charms
  8201 | D:8      | HP: 16/69 [orc warrior/hand axe (13)]
  8203 | D:8      | Slain by an orc warrior

Vault maps used:
D:1:      scummos_arrival_hexagon, supply_closet_lemuel
D:2:      lemuel_coloured_pillars_altar
D:3:      lemuel_upstairs_altar, hangedman_ru_absence,
          gammafunk_temple_overflow_forgotten, kennysheep_potato
D:4:      minmay_temple_entry_mist, nicolae_ossuary_entry_false_entrances,
          first_bread, ashenzari_altar_1
D:5:      uniq_edmund
D:6:      uniq_menkaure
D:7:      kennysheep_mini_moat, the_bakery, uniq_pikel
D:8:      grunt_temple_overflow_magic_moments, lemuel_round_altar,
          lemuel_crystal_altar, lemuel_doored_altar, minivault_4
D:9:      nicolae_overflow_crystal_walls, lair_entry_dummy, nrook_mini_vaults
Temple:   dpeg_three_leaves_temple
Ossuary:  ossuary_tomb_1

Skill      XL: |  1  2  3  4  5  6  7  8  9 10 |
---------------+-------------------------------+-----
Spellcasting   | 5 6 7 |  7.2
Invocations    | 1 2 3 4 5 |  5.6
Short Blades   | 1 2 3 4 5 |  5.1
Axes           | 1 2 3 4 5 |  5.1
Maces & Flails | 1 2 3 4 5 |  5.1
Polearms       | 1 2 3 4 5 |  5.1
Staves         | 1 2 3 4 5 |  5.1
Slings         | 1 2 3 4 5 |  5.1
Bows           | 1 2 3 4 5 |  5.1
Crossbows      | 1 2 3 4 5 |  5.1
Throwing       | 1 2 3 4 5 |  5.1
Stealth        | 1 2 3 4 5 |  5.1
Shields        | 1 2 3 4 5 |  5.1
Unarmed Combat | 1 2 3 4 5 |  5.1
Evocations     | 1 2 3 4 5 |  5.1
Conjurations   | 1 2 3 4 |  4.2
Hexes          | 1 2 3 4 |  4.2
Summonings     | 1 2 3 4 |  4.2
Necromancy     | 1 2 3 4 |  4.2
Translocations | 1 2 3 4 |  4.2
Transmutations | 1 2 3 4 |  4.2
Fire Magic     | 1 2 3 4 |  4.2
Ice Magic      | 1 2 3 4 |  4.2
Air Magic      | 1 2 3 4 |  4.2
Earth Magic    | 1 2 3 4 |  4.2
Poison Magic   | 1 2 3 4 |  4.2
Armour         | 3 4 5 |  5.8
Fighting       | 5 6 |  6.9
Long Blades    | 5 6 |  6.9
Dodging        | 5 6 |  6.9
Charms         | 6 7 |  7.0

Action                   |  1- 3 |  4- 6 |  7- 9 | 10-12 || total
-------------------------+-------+-------+-------+-------++-------
Melee: Falchion          |   102 |   359 |    20 |       ||   481
       Bite              |     8 |    40 |    34 |    20 ||   102
       Long sword        |       |       |   208 |    77 ||   285
 Cast: Infusion          |     1 |     4 |     1 |     1 ||     7
       Song of Slaying   |       |     1 |       |       ||     1
       Shroud of Golubri |       |       |    10 |     1 ||    11
       Spectral Weapon   |       |       |     2 |       ||     2
       Summon Butterflie |       |       |       |     1 ||     1
Invok: Ancestor Life: He |       |       |     1 |       ||     1
       Recall Ancestor   |       |       |       |     1 ||     1
  Use: Potion            |       |     6 |       |       ||     6
       Scroll            |       |       |     7 |     5 ||    12
 Stab: Distracted        |       |     1 |     3 |     1 ||     5
       Sleeping          |       |       |     6 |     4 ||    10
       Confused          |       |       |     1 |     2 ||     3
  Eat: Chunk             |       |     4 |     2 |     2 ||     8
       Bread ration      |       |     2 |       |       ||     2
       Meat ration       |       |       |     1 |       ||     1
       Fruit             |       |       |     1 |       ||     1
       Royal jelly       |       |       |       |     1 ||     1
Armor: Ring mail         |    16 |    79 |    44 |    19 ||   158
       Leather armour    |     2 |       |       |       ||     2
Dodge: Dodged            |    64 |   140 |   122 |    72 ||   398
Block: Buckler           |    21 |    88 |    87 |    45 ||   241
       Rpst.: Falchion   |    24 |    42 |     4 |       ||    70
       Long sword        |       |       |    28 |    22 ||    50

Table legend:
 A = Spawn XP
 B = Non-spawn XP
 C = Spawn XP percentage of total XP
 D = Spawn monster count
 E = Non-spawn monster count
 F = Spawn count percentage of total count
 G = Total turns spent on level
                    A         B        C        D         E        F      G
               +---------+---------+-------+---------+---------+-------+---------
         Total |       0 |    6350 |   0.0 |       0 |     169 |   0.0 |  8203
               +---------+---------+-------+---------+---------+-------+---------
           D:1 |       0 |      17 |   0.0 |       0 |      11 |   0.0 |   274
           D:2 |       0 |      80 |   0.0 |       0 |      28 |   0.0 |  1255
           D:3 |       0 |      74 |   0.0 |       0 |      21 |   0.0 |   979
           D:4 |       0 |     165 |   0.0 |       0 |       8 |   0.0 |   943
           D:5 |       0 |     419 |   0.0 |       0 |       7 |   0.0 |   767
           D:6 |       0 |    1143 |   0.0 |       0 |      18 |   0.0 |   905
           D:7 |       0 |    1474 |   0.0 |       0 |      14 |   0.0 |   632
           D:8 |       0 |    1994 |   0.0 |       0 |       7 |   0.0 |  1114
           D:9 |       0 |     587 |   0.0 |       0 |      16 |   0.0 |   427
       Ossuary |       0 |     397 |   0.0 |       0 |      39 |   0.0 |   785
               +---------+---------+-------+---------+---------+-------+---------

Vault maps used:
D:1:      scummos_arrival_hexagon, supply_closet_lemuel
D:2:      lemuel_coloured_pillars_altar
D:3:      lemuel_upstairs_altar, hangedman_ru_absence,
          gammafunk_temple_overflow_forgotten, kennysheep_potato
D:4:      minmay_temple_entry_mist, nicolae_ossuary_entry_false_entrances,
          first_bread, ashenzari_altar_1
D:5:      uniq_edmund
D:6:      uniq_menkaure
D:7:      kennysheep_mini_moat, the_bakery, uniq_pikel
D:8:      grunt_temple_overflow_magic_moments, lemuel_round_altar,
          lemuel_crystal_altar, lemuel_doored_altar, minivault_4
D:9:      nicolae_overflow_crystal_walls, lair_entry_dummy, nrook_mini_vaults
Temple:   dpeg_three_leaves_temple
Ossuary:  ossuary_tomb_1

Table legend:
 A = Turns spent in this place as a percentage of turns spent in the entire game.
 B = Non-inter-level travel turns spent in this place as a percentage of non-inter-level travel turns spent in the entire game.
 C = Inter-level travel turns spent in this place as a percentage of turns spent in this place.
 D = Turns resting spent in this place as a percentage of non-inter-level travel turns spent in this place.
 E = Turns spent auto-exploring this place as a percentage of non-inter-level travel turns spent in this place.
 F = Non-inter-level travel turns spent in this place divided by the number of levels of this place that you've seen.
                   A       B       C       D       E      F
               +-------+-------+-------+-------+-------+----------------------
         Total | 100.0 | 100.0 |   3.1 |  24.1 |  55.7 | 722.5
       Dungeon |  88.9 |  88.8 |   3.3 |  21.6 |  60.6 | 783.8
        Temple |   1.5 |   1.4 |  10.7 |   0.0 |  60.6 | 109.0
       Ossuary |   9.6 |   9.9 |   0.0 |  49.9 |  10.6 | 785.0
               +-------+-------+-------+-------+-------+----------------------

Table legend:
 A = Kills in this place as a percentage of kills in entire the game.
 B = Kills by you in this place as a percentage of kills by you in the entire game.
 C = Kills by friends in this place as a percentage of kills by friends in the entire game.
 D = Other kills in this place as a percentage of other kills in the entire game.
 E = Experience gained in this place as a percentage of experience gained in the entire game.
 F = Experience gained in this place divided by the number of levels of this place that you have seen.
                   A       B       C       D       E      F
               +-------+-------+-------+-------+-------+----------------------
         Total | 100.0 | 100.0 | 100.0 |   N/A | 100.0 | 577.3
       Dungeon |  76.9 |  75.0 | 100.0 |   N/A |  93.7 | 661.4
       Ossuary |  23.1 |  25.0 |   0.0 |   N/A |   6.3 | 397.0
               +-------+-------+-------+-------+-------+----------------------
